 Dungeon Crawl Stone Soup version 0.23-a0-458-g93a6ea9 (webtiles) character file.

1059 tilp the Chiller (level 8, 0/60 HPs)
             Began as a Merfolk Ice Elementalist on Nov 25, 2018.
             Slain by a hippogriff (7 damage)
             ... on level 6 of the Dungeon.
             The game lasted 00:17:34 (6553 turns).

tilp the Chiller (Merfolk Ice Elementalist)         Turns: 6553, Time: 00:17:34

Health: 0/60       AC: 12    Str:  8    XL:     8   Next: 27%
Magic:  0/13       EV: 14    Int: 17    God:
Gold:   278        SH:  0    Dex: 14    Spells: 7/13 levels left

rFire    . . .     SeeInvis .   a - +2 dagger (vamp)
rCold    + . .     Gourm    .   (no shield)
rNeg     . . .     Faith    .   v - +1 leather armour {rC+}
rPois    .         Spirit   .   (no helmet)
rElec    .         Reflect  .   w - +0 cloak
rCorr    .         Harm     .   y - +0 pair of gloves
MR       +....                  (no boots)
Stlth    ++........             (no amulet)
HPRegen  0.20/turn              q - ring of protection from magic
MPRegen  0.13/turn              (no ring)

@: icy armour
A: change form in water, swift swim, stealthy swim
a: no special abilities


You were on level 6 of the Dungeon.
You were hungry.

You visited 2 branches of the dungeon, and saw 7 of its levels.

You collected 278 gold pieces.

Inventory:

Hand Weapons
 a - a +2 vampiric dagger (weapon)
 r - a +3 dagger
 u - a +0 trident
Missiles
 x - 14 tomahawks (quivered)
 B - 6 javelins
Armour
 b - a +0 robe
 v - a +1 leather armour of cold resistance (worn)
 w - a +0 cloak (worn)
 y - a +0 pair of gloves (worn)
Jewellery
 f - an uncursed ring of see invisible {unknown}
 i - a +3 ring of protection {unknown}
 l - an uncursed ring of ice {unknown}
 n - an uncursed amulet of faith {unknown}
 q - a ring of protection from magic (left hand)
Wands
 t - a wand of iceblast (8)
Scrolls
 e - 4 scrolls of remove curse
 h - 2 scrolls of amnesia {unknown}
 k - a scroll of fog {unknown}
 m - 4 scrolls of teleportation
 A - a scroll of blinking {unknown}
Potions
 c - 3 potions of flight
 d - a potion of heal wounds
 g - a potion of agility
 j - a potion of haste
 p - 3 potions of brilliance
 s - a potion of ambrosia {unknown}
 z - a potion of curing {unknown}
Comestibles
 o - 15 rations


   Skills:
 - Level 4.0 Fighting
 - Level 6.0 Dodging
 - Level 2.1 Stealth
 + Level 3.4 Spellcasting
 - Level 2.0 Conjurations
 + Level 3.0 Charms
 - Level 6.0 Ice Magic
 + Level 2.8 Evocations


You had 7 spell levels left.
You knew the following spells:

 Your Spells              Type           Power        Failure   Level  Hunger
a - Freeze                Ice            ###.         1%          1    None
b - Throw Frost           Conj/Ice       ###...       7%          2    ##.....
c - Ozocubu's Armour      Chrm/Ice       ###.....     12%         3    ###....

Your spell library contained the following spells:

 Spells                   Type           Power        Failure   Level  Hunger
 Confusing Touch          Hex            #.....       24%         1    None
 Throw Icicle             Conj/Ice       ###.....     43%         4    ####...
 Summon Ice Beast         Ice/Summ       ##......     56%         4    ####...
 Confuse                  Hex            #.......     58%         3    ###....
 Gell's Gravitas          Tloc           #.........   58%         3    ###....
 Metabolic Englaciation   Hex/Ice        ##........   89%         5    ######.
 Petrify                  Tmut/Erth      #.......     94%         4    ####...
 Yara's Violent Unravell  Hex/Tmut       #.........   100%        5    ######.


Dungeon Overview and Level Annotations

Branches:
Dungeon (6/15)             Temple (1/1) D:6

Altars:
Ashenzari
Dithmenos
Elyvilon
Fedhas
Gozag
Hepliaklqana
Kikubaaqudgha
Nemelex Xobeh
Okawaru
Qazlal
Ru
Sif Muna
Trog
Uskayaw
Wu Jian
Xom
Yredelemnul
Zin
The Shining One

Shops:
D:4 =

Annotations:
D:4 exclusion: downstairs, Edmund, Sigmund
D:5 2 runed doors, exclusion: upstairs


Message History

The hippogriff barely misses you.
You hit the hippogriff.
The hippogriff is almost dead.
The hippogriff closely misses you. The hippogriff pecks you.
* * * LOW HITPOINT WARNING * * *
The hippogriff barely misses you.
Your leather armour prevents you from hitting the hippogriff.
The hippogriff is almost dead.
The hippogriff bites you.
* * * LOW HITPOINT WARNING * * *
The hippogriff barely misses you. The hippogriff misses you.
Casting: Freeze (safe; 1% risk of failure)
Confirm with . or Enter, or press ? or * to list all spells.
Aiming: Freeze (safe; 1% risk of failure)
Press: ? - help, Shift-Dir - straight line, f/p - hippogriff
Aim: a hippogriff (almost dead)
You freeze the hippogriff.
The hippogriff is almost dead.
The hippogriff bites you!
You die...

.....................
.....................
.....H..........#....
.....................
...............#.#...
...####...#.........#
###########...#.⌠.#..
#........#.......#
#@†....#...⌠.>.⌠..
#.H....).#.......#
##....##...#.⌠.#..
########........#
..(..#.#...
#...........
#......#....
...........# ####


You could see a hippogriff.

Vanquished Creatures
  A sky beast (D:5)
  2 ogres
  A bullfrog (D:6)
  A jelly (D:5)
  An orc priest (D:3)
  2 hounds
  2 bullfrog skeletons
  4 orc wizards
  Jessica (D:3)
  Terence (D:2)
  6 worker ants
  A hound zombie (D:5)
  A hound skeleton (D:5)
  A howler monkey skeleton (D:4)
  6 adders
  An ooze (D:2)
  2 adder skeletons
  5 worms
  3 dart slugs
  4 leopard geckos
  13 orcs
  A ball python (D:4)
  7 giant cockroaches
  13 goblins
  8 hobgoblins
  2 jackals (D:3)
  4 quokkas
  5 bats
  10 frilled lizards
  A jackal zombie (D:5)
  7 kobolds
  3 rats
120 creatures vanquished.

Vanquished Creatures (others)
  An orc wizard (D:3)
1 creature vanquished.

Grand Total: 121 creatures vanquished

Notes
Turn   | Place    | Note
-------+----------+-------------------------------------------
     0 | D:1      | tilp the Merfolk Ice Elementalist began the quest for the
                  | Orb.
     0 | D:1      | Reached XP level 1. HP: 13/13 MP: 3/3
   547 | D:1      | Reached XP level 2. HP: 19/19 MP: 1/5
   815 | D:1      | Learned a level 2 spell: Throw Frost
  1361 | D:2      | Reached XP level 3. HP: 24/24 MP: 4/6
  1369 | D:1      | Reached skill level 5 in Ice Magic
  1375 | D:1      | Learned a level 3 spell: Ozocubu's Armour
  1458 | D:2      | Noticed Terence
  1588 | D:2      | Killed Terence
  1588 | D:2      | Reached XP level 4. HP: 16/30 MP: 0/7
  2609 | D:2      | Reached XP level 5. HP: 34/36 MP: 8/8
  2866 | D:2      | Found a faded altar of an unknown god.
  2941 | D:3      | Reached skill level 1 in Fighting
  3531 | D:3      | Reached XP level 6. HP: 34/46 MP: 5/9
  3748 | D:3      | Reached skill level 5 in Dodging
  4035 | D:3      | Noticed Jessica
  4043 | D:3      | Killed Jessica
  4223 | D:3      | Reached XP level 7. HP: 36/53 MP: 3/10
  4474 | D:4      | Found a glowing silver altar of Zin.
  4474 | D:4      | Noticed Edmund
  4476 | D:4      | Found an opulent altar of Gozag.
  4566 | D:4      | Found Cupari's Jewellery Emporium.
  4675 | D:4      | Reached skill level 1 in Conjurations
  4675 | D:4      | Reached skill level 1 in Charms
  4675 | D:4      | Reached skill level 1 in Evocations
  4846 | D:4      | Noticed Sigmund
  4952 | D:4      | Found a hazy altar of Hepliaklqana.
  4952 | D:4      | Found a shadowy altar of Dithmenos.
  4991 | D:5      | Entered Level 5 of the Dungeon
  5344 | D:5      | Found a sparkling altar of Nemelex Xobeh.
  5452 | D:5      | Reached XP level 8. HP: 50/60 MP: 1/12
  5965 | D:5      | Found a sacrificial altar of Ru.
  5966 | D:5      | Found a hide-covered altar of Uskayaw.
  5972 | D:5      | Found a white marble altar of Elyvilon.
  5973 | D:5      | Found a basalt altar of Yredelemnul.
  5978 | D:5      | Found a shattered altar of Ashenzari.
  6063 | D:5      | Found a runed door.
  6077 | D:5      | Found a runed door.
  6259 | D:6      | Found a staircase to the Ecumenical Temple.
  6272 | Temple   | Entered the Ecumenical Temple
  6515 | D:6      | Noticed a hippogriff
  6553 | D:6      | Slain by a hippogriff

Vault maps used:
D:1:      sevenhm_arrival_forest_fort_large_4
D:2:      chequers_ecumenical_altar_simple_redux, uniq_terence
D:3:      st_stairs_11, kennysheep_jessica_study
D:4:      minmay_clustersquares, cheibriados_altar_1,
          nicolae_overflow_hidden_temple, serial_shops, shop, first_ration,
          uniq_edmund, uniq_sigmund
D:5:      lemuel_insect_pit, minitemple, overflow_temple_1_default
D:6:      minmay_temple_entry_sparse_star
Temple:   jpeg_temple_island

Skill      XL: |  1  2  3  4  5  6  7  8 |
---------------+-------------------------+-----
Ice Magic      | 4 5 6 |  6.0
Dodging        | 4 5 6 |  6.0
Fighting       | 2 3 4 |  4.0
Conjurations   | 2 |  2.0
Charms         | 2 3 |  3.0
Evocations     | 2 |  2.8
Spellcasting   | 3 |  3.4
Stealth        | |  2.1

Action                   |  1- 3 |  4- 6 |  7- 9 || total
-------------------------+-------+-------+-------++-------
Melee: Unarmed           |    13 |       |       ||    13
       Dagger            |    47 |   208 |   191 ||   446
 Cast: Freeze            |    31 |    51 |    59 ||   141
       Ozocubu's Armour  |     2 |     6 |     9 ||    17
       Throw Frost       |     1 |     2 |       ||     3
  Use: Scroll            |       |     6 |     2 ||     8
 Stab: Sleeping          |     4 |     6 |     6 ||    16
  Eat: Ration            |     2 |       |       ||     2
       Chunk             |     1 |    10 |     8 ||    19
Armor: Robe              |    11 |    25 |       ||    36
       Skin              |     1 |       |       ||     1
       Leather armour    |       |    10 |    86 ||    96
Dodge: Dodged            |    59 |   158 |   169 ||   386

Table legend:
 A = Non-vault XP
 B = Vault XP
 C = Vault XP percentage of total XP
 D = Non-vault monster count
 E = Vault monster count
 F = Vault count percentage of total count
                 A         B        C        D         E       F
            +---------+---------+-------+---------+---------+-------
      Total |    1427 |      86 |   5.7 |     114 |       7 |   5.8
            +---------+---------+-------+---------+---------+-------
        D:1 |      73 |       0 |   0.0 |      19 |       0 |   0.0
        D:2 |      81 |      36 |  30.8 |      28 |       1 |   3.4
        D:3 |     323 |      48 |  12.9 |      28 |       5 |  15.2
        D:4 |     370 |       2 |   0.5 |      17 |       1 |   5.6
        D:5 |     485 |       0 |   0.0 |      18 |       0 |   0.0
        D:6 |      95 |       0 |   0.0 |       4 |       0 |   0.0
            +---------+---------+-------+---------+---------+-------
